Steven, chaotic male orcish Caveman ----- -------------- |..... |............| ----- #####@e.{.| #.............| |...+# # |..<.| ###----|--------- |...|### -.- - # ##[#### ##.....# ### # % |...|# ----- # ### ### |...|# |?%.-##### # # -----# |*/.| ## ### ### ------------- |%).| -------------|--# # |...........| |/!.| |...............# ##............| ----- |..............| |...........| |..............| ############...........<| |..............| ------------- ---------------- Steven the Young Cave Man Experience level: 8 Strength: 18/02 Dexterity: 16 Constitution: 17 Intelligence: 8 Wisdom: 8 Charisma: 7 Health: 0(56) Energy: 21(21) Def: 12 Gold: 936 Moves: 4492 Dungeon seed: 2ugvZ4EsvZAj89MO Game ID: Steven_1439950589 Your Inventory: Coins $ - 936 gold pieces Weapons U - a +0 mace (weapon in hand) Armor n - an uncursed rotted +0 elven cloak (being worn) q - an uncursed +0 pair of speed boots r - a cursed -3 pair of levitation boots t - an uncursed +0 dwarvish roundshield (being worn) z - an uncursed +0 pair of iron shoes (being worn) N - an uncursed +0 dwarvish mithril-coat (being worn) Y - an uncursed +0 dwarvish iron helm (being worn) Comestibles c - 2 uncursed tins of spinach L - 3 uncursed sprigs of wolfsbane P - 2 uncursed food rations V - an uncursed egg X - an uncursed lizard corpse Scrolls f - an uncursed scroll of enchant armor g - 2 uncursed scrolls of destroy armor j - an uncursed scroll of earth k - 2 uncursed scrolls of remove curse w - a blessed scroll of blank paper x - 2 cursed scrolls of blank paper K - a blessed scroll of destroy armor Q - 2 uncursed scrolls of identify S - an uncursed scroll of light W - an uncursed scroll of magic mapping Z - an uncursed scroll of stinking cloud Spellbooks a - an uncursed spellbook of create monster Potions b - an uncursed potion of fruit juice i - 2 uncursed potions of water s - a cursed potion of healing J - an uncursed potion of see invisible T - an uncursed potion of object detection Rings o - an uncursed ring of see invisible H - a blessed +2 ring of adornment Wands C - a wand of digging (0:4) F - a wand of light (0:11) Tools p - an uncursed magic whistle D - 4 uncursed tallow candles (0:200) G - an uncursed pair of lenses Spells and supernatural/magical abilities: Name Level Category Fail Memory O - create monster 2 clerical 100% 97% W - pray for help -- divine ? -- Your skills at the end: Fighting Skills bare handed combat [Basic] Weapon Skills club [Basic] mace [Basic] sling [Basic] Spellcasting Skills Final Attributes: You were piously aligned. You were poison resistant. You were telepathic. You had infravision. You were stealthy. You were fast. You are dead. Vanquished creatures: a giant mimic a small mimic 2 wolves a leprechaun a gnome king a brown pudding a lizard a dwarf lord a water nymph 2 dust vortices 3 gnome mummies a rope golem a soldier ant a fire ant a rock piercer 2 rock moles a pony 2 yellow lights 4 gnome lords 4 gnomish wizards a black naga hatchling 2 gray oozes an elf zombie a paper golem 2 floating eyes a kitten 7 dwarves a rothe 2 giant bats a monkey an orc zombie a dwarf zombie 5 iguanas a killer bee an acid blob a gas spore 2 hobgoblins a giant rat a yellow mold 17 gnomes a garter snake 2 geckos 14 jackals a fox 2 kobolds a goblin 4 sewer rats 5 grid bugs a bat 3 lichens 8 newts 124 creatures vanquished. Voluntary challenges: You used a wielded weapon 185 times, starting on turn 8. You read items or engraved 4 times, starting on turn 1834. You never genocided any monsters. You never polymorphed an object. You never changed form. You used no wishes. You never split a pudding. You never wrote Elbereth's name. You violated your moral code, losing 1 point of alignment, starting on turn 4157. Dungeon overview: The Dungeons of Doom: levels 1 to 9 Level 1 a long staircase Level 2 Level 3 some fountains stairs to The Gnomish Mines Level 4 Level 5 a weapon shop Level 6 a sink Level 7 a sink Level 8 many fountains Level 9 <- You were here a general store, a fountain a long staircase The Gnomish Mines: levels 4 to 6 Level 4 stairs to The Dungeons of Doom Level 5 Level 6 some shops, a temple to Ishtar, some fountains History has recorded: On T:1 you entered the Dungeons of Doom to retrieve the Amulet of Yendor! On T:289 you reached level 2 of The Dungeons of Doom. On T:370 you advanced to experience level 2. On T:739 you reached level 3 of The Dungeons of Doom. On T:905 you reached level 1 of The Gnomish Mines. On T:961 you reached level 4 of The Dungeons of Doom. On T:1122 you advanced to experience level 3. On T:1234 you advanced to experience level 4. On T:1387 you reached level 2 of The Gnomish Mines. On T:1480 you advanced to experience level 5. On T:1698 you reached level 3 of The Gnomish Mines. On T:1738 you advanced to experience level 6. On T:2684 you advanced to experience level 7. On T:2896 you reached level 5 of The Dungeons of Doom. On T:3644 you reached level 6 of The Dungeons of Doom. On T:3711 you reached level 7 of The Dungeons of Doom. On T:3984 you reached level 8 of The Dungeons of Doom. On T:4274 you reached level 9 of The Dungeons of Doom. On T:4428 you advanced to experience level 8. Score breakdown: Gold: 936 ( 93 points) Experience: 8 levels ( 700 points) Exploration: 9 levels ( 240 points) Discoveries: 7 items ( 350 points) Variety of kills: 51 monsters ( 2000 points) Major goal: (nothing yet) ( 0 points) Survival: died (score multiplied by 3) Total score: 10149 Latest messages: i - an uncursed clear potion. o - an uncursed iron ring. p - an uncursed magic whistle. You hit the floating eye! As you meet its deep, meaningful gaze, you feel its suffering as though it were your own. You die... Final status: Goodbye Steven the Caveman, killed by vicarious suffering... You died in The Dungeons of Doom on dungeon level 9 with 10149 points, and 936 pieces of gold, after 4492 moves. You were level 8 with a maximum of 56 hit points when you died.